 Dungeon Crawl Stone Soup version 0.20.1-1-g8b1a95d (webtiles) character file.

56 Warthog the Grave Robber (level 3, -13/24 HPs)
             Began as a Demonspawn Necromancer on Oct 25, 2017.
             Mangled by an ogre
             ... wielding a +0 giant club
              (18 damage)
             ... on level 3 of the Dungeon.
             The game lasted 00:20:45 (2079 turns).

Warthog the Grave Robber (Demonspawn Necromancer)   Turns: 2079, Time: 00:20:46

Health: -13/24     AC:  2    Str:  6 (8)  XL:     3   Next: 69%
Magic:  6/7        EV: 12    Int: 15 (17) God:
Gold:   103        SH:  0    Dex: 11 (13) Spells: 5/7 levels left

rFire    . . .     SeeInvis .   h - +0 short sword
rCold    . . .     Gourm    .   (no shield)
rNeg     . . .     Faith    .   a - +0 robe
rPois    .         Spirit   .   (helmet restricted)
rElec    .         Reflect  .   (no cloak)
rCorr    .         Harm     .   (no gloves)
MR       .....                  (no boots)
Stlth    ++........             (no amulet)
Regen    0.1/turn               (no ring)
MPRegen  0.1/turn               (no ring)

@: no status effects
A: horns 1, rot immunity
a: no special abilities


You were on level 3 of the Dungeon.
You were not hungry.

You visited 1 branch of the dungeon, and saw 3 of its levels.

You collected 103 gold pieces.

Inventory:

Hand Weapons
 h - a +0 short sword (weapon)
Armour
 a - a +0 robe (worn)
Scrolls
 d - 2 scrolls of recharging
Potions
 j - a potion of degeneration
 l - a potion of curing
Books
 b - a book of Necromancy

   Spells                             Type                      Level
   a - Pain                           Necromancy                   1
   b - Animate Skeleton               Necromancy                   1
   c - Vampiric Draining              Necromancy                   3
   d - Regeneration                   Charms/Necromancy            3
   e - Animate Dead                   Necromancy                   4
   f - Control Undead                 Necromancy                   4
Comestibles
 c - 2 bread rations
 i - a meat ration


   Skills:
 + Level 0.2 Fighting
 + Level 0.1 Short Blades
 + Level 2.1 Dodging
 + Level 1.8 Stealth
 + Level 2.7 Spellcasting
 + Level 5.1 Necromancy


You had 5 spell levels left.
You knew the following spells:

 Your Spells              Type           Power        Failure   Level  Hunger
a - Pain                  Necr           ###.         2%          1    #......
b - Animate Skeleton      Necr           N/A          2%          1    #......


Dungeon Overview and Level Annotations

Branches:
Dungeon (3/15)

Altars:


Innate Abilities, Weirdness & Mutations

You have a pair of small horns on your head.
You are immune to rotting.


Message History

You climb downwards.
You hear the sound of rushing water.
There is an entrance to a sewer on this level.
Hurry and find it before the portal rusts away!
An ogre comes into view. It is wielding a giant club.
Found a whip and a scroll labeled INADOPSOFEP.
Found a stone staircase leading down.
There is a stone staircase leading up here.
Casting: Pain
Confirm with . or Enter, or press ? or * to list all spells.
Aiming: Pain
Press: ? - help, Shift-Dir - straight line, f - ogre
Aim: an ogre, wielding a giant club (chance to defeat MR: 84%)
The ogre writhes in agony!
You feel a little less clever now. The ogre hits you with a giant club!
Ouch! That really hurt!
* * * LOW HITPOINT WARNING * * *
The ogre hits you with a giant club!!
Ouch! That really hurt!
You die...

#########
##...#...##
#...<.....##
..............#
............O.#
.............@#
..............)#
.?......#..>##..#
.......###### #.#
....... .. ## ...
... #...


You could see an ogre.

Vanquished Creatures
  An adder (D:2)
  3 oozes (D:1)
  A dart slug (D:2)
  A leopard gecko (D:2)
  A giant cockroach (D:2)
  2 goblins
  3 hobgoblins (D:1)
  5 bats
  3 frilled lizards
  4 kobolds
  16 rats
40 creatures vanquished.

Notes
Turn   | Place    | Note
-------+----------+-------------------------------------------
     0 | D:1      | Warthog the Demonspawn Necromancer began the quest for the Orb.
     0 | D:1      | Reached XP level 1. HP: 13/13 MP: 3/3
   333 | D:1      | Gained mutation: You have a pair of small horns on your head. [demonic ancestry]
   333 | D:1      | Reached XP level 2. HP: 13/19 MP: 0/5
   563 | D:1      | Learned a level 1 spell: Animate Skeleton
  1138 | D:1      | Reached skill level 5 in Necromancy
  1144 | D:1      | Gained mutation: You are immune to rotting. [demonic ancestry]
  1144 | D:1      | Reached XP level 3. HP: 20/24 MP: 6/6
  1412 | D:2      | HP: 1/24 [rat (1)]
  1797 | D:2      | HP: 1/24 [goblin[Robin] (1)]
  2069 | D:3      | Noticed an ogre
  2079 | D:3      | Mangled by an ogre

Skill      XL: |  1  2  3 |
---------------+----------+-----
Necromancy     | 5 |  5.1
Dodging        | 2 |  2.1
Fighting       | |  0.2
Short Blades   | |  0.1
Stealth        | |  1.8
Spellcasting   | |  2.7

Action                   || total
-------------------------++-------
Melee: Short sword       ||    51
       Headbutt          ||     3
 Cast: Pain              ||    50
       Animate Skeleton  ||     2
  Use: Potion            ||     4
       Scroll            ||     5
 Stab: Sleeping          ||     5
  Eat: Chunk             ||     1
       Bread ration      ||     1
Armor: Robe              ||    36
Dodge: Dodged            ||   105
